 Dungeon Crawl Stone Soup version 0.30-a0-743-gbfdf073431 (webtiles) character file.

Game seed: 7253147914290146173

596 Dittersdorf the Shield-Bearer (level 7, -6/44 HPs)
             Began as a Gargoyle Fighter on Feb 7, 2023.
             Mangled by an ice beast (12 damage)
             ... on level 5 of the Dungeon.
             The game lasted 00:05:24 (3758 turns).

Dittersdorf the Shield-Bearer (Gargoyle Fighter)    Turns: 3758, Time: 00:05:25

Health: -6/44      AC: 12    Str: 22    XL:     7   Next: 40%
Magic:  7/7        EV:  9    Int:  8    God:
Gold:   301        SH:  4    Dex:  9    Spells: 6/6 levels left

rFire   . . .      SeeInvis +    a - +1 flail
rCold   . . .      Faith    .    c - +0 buckler
rNeg    + . .      Spirit   .    b - +0 scale mail
rPois   ∞          Reflect  .    (no helmet)
rElec   +          Harm     .    (no cloak)
rCorr   +          Rampage  .    (no gloves)
Will    .....                    (no boots) Stlth
                                 (no amulet)
HPRegen 0.27/turn                l - ring of resist corrosion
MPRegen 0.10/turn                u - ring of see invisible

@: no status effects
A: sickness immunity, AC +4, negative energy resistance 1, electricity
resistance, torment resistance 1, petrification resistance
a: no special abilities


You were on level 5 of the Dungeon.
You visited 1 branch of the dungeon, and saw 5 of its levels.
You also visited: Sewer.

You collected 301 gold pieces.

Inventory:

Hand Weapons
 a - a +1 flail (weapon)
Missiles
 j - 26 poisoned darts (quivered)
Armour
 b - a +0 scale mail (worn)
 c - a +0 buckler (worn)
Jewellery
 g - a ring of fire
 l - a ring of resist corrosion (left hand)
 u - a ring of see invisible (right hand)
Wands
 v - a wand of roots (6)
Scrolls
 e - a scroll of blinking
 f - 2 scrolls of magic mapping
 n - 4 scrolls of enchant weapon
 q - a scroll of teleportation
Potions
 d - a potion of might
 h - a potion of flight
 i - 2 potions of lignification {unknown}
 k - 3 potions of attraction {unknown}
 m - a potion of heal wounds
 o - 4 potions of berserk rage
 s - 5 potions of magic
 w - a potion of curing


   Skills:
 + Level 5.3 Fighting
 + Level 4.2 Maces & Flails
 + Level 5.3 Armour
 + Level 5.3 Shields


You had 6 spell levels left.
You didn't know any spells.
Your spell library contained the following spells:

 Spells                   Type           Power      Damage    Failure   Level
 Apportation              Tloc           0%         N/A       80%         1
 Lesser Beckoning         Tloc           0%         N/A       91%         2
 Gell's Gravitas          Tloc           0%         N/A       99%         3
 Teleport Other           Tloc           0%         N/A       99%         3
 Petrify                  Tmut/Erth      0%         N/A       100%        4
 Alistair's Intoxication  Tmut/Pois      0%         N/A       100%        5
 Irradiate                Conj/Tmut      0%         3d11      100%        5
 Chain Lightning          Conj/Air       0%         N/A       100%        9
 Fire Storm               Conj/Fire      0%         5d1       100%        9
 Shatter                  Erth           0%         3d5*      100%        9
 Sublimation of Blood     Necr           Unusable   N/A       N/A         2

Dungeon Overview and Level Annotations

Branches:
Dungeon (5/15)              Sewer (visited)
 Temple: D:4-7

Altars:
Cheibriados
Gozag
Qazlal

Shops:
D:2 (


Innate Abilities, Weirdness & Mutations

You are immune to sickness and miasma.
Your stone body is resilient. (AC +4)
You are immune to poison.
You resist negative energy. (rN+)
You are resistant to electric shocks. (rElec)
You are resistant to unholy torment.
You are immune to petrification.


Message History

The ice beast attacks as you move away! The ice beast closely misses you.
The orc attacks as you move away! The orc hits you with a +0 war axe.
* * * LOW HITPOINT WARNING * * *
The orc wizard casts a spell.
The orc wizard flickers and vanishes for a moment.
You hit the orc.
The orc is moderately wounded.
You block the orc's attack.
You sock the orc!
You kill the orc!
Things that are here:
a +0 war axe; a +0 leather armour The orc barely misses you.
You hit the orc.
The orc is lightly wounded.
You block the orc's attack.
You hit the orc but do no damage.
The orc is lightly wounded.
The orc hits you with a +0 short sword.
* * * LOW HITPOINT WARNING * * *
You closely miss the orc.
The orc is lightly wounded.
You block the orc's attack. The orc closely misses you.
You closely miss the orc.
The orc is lightly wounded.
You block the orc's attack.
You thump the orc!
You kill the orc!
You hit the ice beast.
The ice beast is heavily wounded.
The ice beast closely misses you.
You hit the ice beast but do no damage.
The ice beast is heavily wounded.
The ice beast hits you but does no damage.
You closely miss the ice beast.
The ice beast is heavily wounded.
The ice beast hits you.
* * * LOW HITPOINT WARNING * * *
The ice beast freezes you!
You die...

#.#...####.........####
#........+.........'...
###....###.........####
#..#.# #........## #
####..#.###.#.....##
............##...##
#######.#######+# #.# #
#@# .# #Y#######.##
#o##...#...##
#.#.........#
##..........##
#..#.....#....
#.......o....#
#..≈≈≈≈≈≈.≈≈.#
##.≈.o.....≈.#


You could see an ice beast and an orc wizard (invisible).

Vanquished Creatures
  An ice beast (D:5)
  Pargi (Sewer)
  A scorpion (D:4)
  A gnoll bouda (D:5)
  A jelly (D:4)
  An iguana (D:4)
  2 orc wizards
  5 gnolls (D:5)
  7 adders
  2 worms (D:2)
  A dart slug (D:1)
  15 orcs
  9 ball pythons
  8 endoplasms
  4 giant cockroaches
  6 goblins
  7 hobgoblins
  6 jackals
  7 bats
  2 frilled lizards (D:3)
  9 kobolds
  A rat (D:4)
97 creatures vanquished.

Notes
Turn   | Place    | Note
-------+----------+-------------------------------------------
     0 | D:1      | Dittersdorf the Gargoyle Fighter began the quest for the
                  | Orb.
     0 | D:1      | Reached XP level 1. HP: 14/14 MP: 1/1
    58 | D:1      | Reached XP level 2. HP: 19/19 MP: 2/2
   553 | D:2      | Reached XP level 3. HP: 24/24 MP: 3/3
   848 | D:2      | Found an opulent altar of Gozag.
   927 | D:2      | Found Luuw's Antique Weapon Emporium.
  1207 | D:3      | Reached XP level 4. HP: 29/29 MP: 4/4
  1491 | D:3      | Reached XP level 5. HP: 33/33 MP: 5/5
  1830 | D:3      | Found a faded altar of an unknown god.
  2165 | D:4      | Reached XP level 6. HP: 39/39 MP: 6/6
  2343 | D:4      | Found a glowing drain.
  2357 | Sewer    | Entered a sewer
  2381 | Sewer    | Noticed Pargi
  2396 | Sewer    | Killed Pargi
  2592 | D:4      | Found a stormy altar of Qazlal.
  3128 | D:5      | Entered Level 5 of the Dungeon
  3165 | D:5      | Reached skill level 5 in Shields
  3289 | D:5      | Reached skill level 5 in Fighting
  3301 | D:5      | Reached skill level 5 in Armour
  3301 | D:5      | Reached XP level 7. HP: 28/44 MP: 7/7
  3310 | D:5      | HP: 1/44 [gnoll/+0 spear[a gnoll bouda] (5)]
  3724 | D:5      | Found a snail-covered altar of Cheibriados.
  3758 | D:5      | Mangled by an ice beast

Illustrated notes

Levels and vault maps discovered:
D:1:      dpeg_arrival_tiny_f, layout_basic, minmay_misc_feat_pillars
D:2:      layout_basic, serial_shops, shop, basic_altar,
          chequers_serial_rivers_small_3, chequers_serial_rivers_large_a,
          corexii_leaking_fountain, nrook_mini_vaults
D:3:      minmay_wonky_spiral, layout_basic, chequers_ecumenical_altar_island,
          palyth_stone_intersect
D:4:      layout_basic, kennysheep_mini_moat, cheibrodos_sewer_entry_drain
D:5:      layout_loops_corners, mainiacjoe_overflow_brackets, st_stairs_13,
          dk_rats_in_the_wall

Skill      XL: |  1  2  3  4  5  6 |
---------------+-------------------+-----
Fighting       | 4 5 |  5.3
Shields        | 4 5 |  5.3
Armour         | 4 5 |  5.3
Maces & Flails | 3 4 |  4.2

Action                     |  1- 3 |  4- 6 |  7- 9 || total
---------------------------+-------+-------+-------++-------
  Melee: Flail             |   101 |   234 |    59 ||   394
    Use: Scroll            |       |    13 |     1 ||    14
 Armour: Scale mail        |    64 |   127 |    30 ||   221
  Dodge: Dodged            |    46 |   105 |    23 ||   174
  Block: Buckler           |    31 |    43 |     9 ||    83

Table legend: (Time is in decaauts)
 A = Elapsed time spent in this place.
 B = Non-inter-level travel time spent in this place.
 C = Inter-level travel time spent in this place.
 D = Time resting spent in this place.
 E = Time spent auto-exploring this place.
 F = Levels seen in this place.
 G = Mean time per level.
                   A        B        C        D        E       F      G
               +--------+--------+--------+--------+--------+-----+--------+
         Total |   3894 |   3699 |    195 |    225 |   2466 |   6 |  649.0 |
       Dungeon |   3702 |   3507 |    195 |    225 |   2336 |   5 |  740.4 |
         Sewer |    191 |    191 |      0 |      0 |    130 |   1 |  191.0 |
               +--------+--------+--------+--------+--------+-----+--------+

Top non-repeatable levels by time:
     D:3: 930 daAuts
     D:4: 893 daAuts
     D:2: 671 daAuts
     D:5: 649 daAuts
     D:1: 558 daAuts
   Sewer: 191 daAuts
